 Dungeon Crawl Stone Soup version 0.30.0-5-g1a98f26d00 (webtiles) character file.

Game seed: 620535522631538999

1789 Exaltedone87 the Cudgeller (level 8, -1/72 HPs)
             Began as an Armataur Fighter on May 9, 2023.
             Was a Follower of Cheibriados.
             Slain by a lemure (7 damage)
             ... led by Pikel
             ... on level 6 of the Dungeon.
             The game lasted 00:10:47 (4668 turns).

Exaltedone87 the Cudgeller (Armataur Fighter)       Turns: 4668, Time: 00:10:47

Health: -1/72      AC: 13    Str: 24    XL:     8   Next: 82%
Magic:  18/18      EV:  5    Int: 10    God:    Cheibriados [*.....]
Gold:   237        SH:  5    Dex: 14    Spells: 7/7 levels left

rFire   . . .        a - +2 flail
rCold   . . .        c - +0 buckler
rNeg    . . .        v - +0 plate armour
rPois   .            (no helmet)
rElec   .            (no cloak)
rCorr   .            h - +1 pair of gloves
SInv    .            (no barding)
Will    .....        f - amulet of regeneration Stlth
                     o - ring of magical power
HPRegen 1.12/turn    (no ring)
MPRegen 0.16/turn

%: roll
@: mighty, very slow
A: large, rugged brown scales 3, deformed body, armoured tail, roll, long
tongue, awkward tongue
a: Renounce Religion, Bend Time


You were on level 6 of the Dungeon.
You worshipped Cheibriados.
Cheibriados was aware of your devotion.
You visited 1 branch of the dungeon, and saw 6 of its levels.

You collected 237 gold pieces.

Inventory:

Hand Weapons
 a - a +2 flail (weapon)
 m - a +0 whip of venom
Armour
 c - a +0 buckler (worn)
 h - a +1 pair of gloves (worn)
 v - a +0 plate armour (worn)
Jewellery
 f - an amulet of regeneration (around neck)
 o - a ring of magical power (left hand)
 t - an amulet of guardian spirit
 u - an amulet of the acrobat
Wands
 e - a wand of flame (9)
 i - a wand of polymorph (8)
 j - a wand of mindburst (13)
 k - a wand of light (7)
Scrolls
 b - 2 scrolls of identify
 l - a scroll of fog
 n - a scroll of teleportation
 p - a scroll of blinking
 s - a scroll of poison
Potions
 d - a potion of might
 g - 2 potions of flight
 q - 3 potions of curing
 r - 2 potions of brilliance


   Skills:
 + Level 5.2 Fighting
 * Level 6.6 Maces & Flails
 - Level 6.1 Armour
 + Level 1.7 Dodging
 + Level 6.3 Shields
 + Level 2.3 Invocations


You had 7 spell levels left.
You didn't know any spells.
Your spell library was empty.

Dungeon Overview and Level Annotations

Branches:
Dungeon (6/15)
 Temple: D:4-7

Altars:
Ashenzari
Cheibriados

Shops:
D:1 *   D:3 !   D:4 (

Annotations:
D:6 Pikel


Innate Abilities, Weirdness & Mutations

You are completely covered in rugged brown scales. (AC +3, +7% HP)
Armour fits poorly on your strangely shaped body.
You have a long armoured tail.
You roll when moving toward enemies. (Rampage)
Your long tongue fully drains potion bottles. (2x potion effects)
Your tongue gives you trouble enunciating. (1.5x scroll delay)


Message History

Unknown command.
You hit Pikel.
Pikel is lightly wounded.
The lemure hits you. You block the lemure's attack.
Pikel hits you with a +2 whip of freezing.
Pikel freezes you. The lemure hits you but does no damage.
You miss Pikel.
Pikel is lightly wounded.
The lemure hits you but does no damage. The lemure barely misses you.
You block Pikel's attack. The lemure hits you.
The lemure completely misses you.
Okay, then.
You feel very mighty all of a sudden.
You slurp down every last drop of the potion of might!
The lemure hits you but does no damage. x2
Pikel hits you with a +2 whip of freezing.
Pikel freezes you. You block the lemure's attack. The lemure hits you.
You closely miss Pikel.
Pikel is lightly wounded.
Pikel hits you with a +2 whip of freezing.
Pikel freezes you. The lemure hits you. x2
* * * LOW HITPOINT WARNING * * *
You block the lemure's attack. The lemure hits you but does no damage.
You closely miss Pikel.
Pikel is lightly wounded.
You block the lemure's attack. The lemure hits you but does no damage.
Pikel closely misses you. The lemure hits you.
* * * LOW HITPOINT WARNING * * *
The lemure hits you but does no damage.
Unknown command.
You sock Pikel! You tail-slap Pikel!
Pikel is heavily wounded.
You block the lemure's attack.
Pikel says, "Don't tell anyone, but I think Ereshkigal likes me."
Pikel hits you with a +2 whip of freezing!
* * * LOW HITPOINT WARNING * * *
Pikel freezes you.
* * * LOW HITPOINT WARNING * * *
The lemure hits you!
You die...

###'##....#...#.....#.....#......
..........#...'.....#.....#......
..........#...#.....#.....# ....
..........#...#.....#'######
.........###+##............#
.........##...######.......#
...................#.......#
...................'.......#
...............5@5.#.......#
##.##.K55.#.......#
#.....##.......
..........#.......
..........#.......
...........#.......
############.......


You could see Pikel and 4 lemures.

Vanquished Creatures
  Grinder (D:4)
  Sigmund (D:2)
  Eustachio (D:4)
  Edmund (D:5)
  A water moccasin (D:5)
  An ice beast (D:6)
  A black bear (D:6)
  2 ogres (D:5)
  A scorpion (D:3)
  A howler monkey (D:5)
  A jelly (D:4)
  3 hounds (D:5)
  Ijyb (D:3)
  Natasha (thrice) (D:3)
  3 orc wizards
  A mummy (D:4)
  Robin (D:3)
  7 gnolls
  8 adders
  2 shadow imps
  2 ufetubi
  3 worms
  A dart slug (D:1)
  15 orcs
  15 endoplasms
  3 giant cockroaches
  13 hobgoblins
  8 jackals
  3 quokkas
  7 ball pythons
  6 bats
  4 frilled lizards
  16 goblins
  5 kobolds
  3 rats
145 creatures vanquished.

Notes
Turn   | Place    | Note
-------+----------+-------------------------------------------
     0 | D:1      | Exaltedone87 the Armataur Fighter began the quest for the
                  | Orb.
     0 | D:1      | Reached XP level 1. HP: 19/19 MP: 1/1
   190 | D:1      | Reached XP level 2. HP: 19/26 MP: 2/2
   323 | D:1      | Found Meys's Assorted Antiques.
   604 | D:1      | Reached XP level 3. HP: 32/32 MP: 3/3
  1207 | D:2      | Reached XP level 4. HP: 32/40 MP: 4/4
  1397 | D:2      | Noticed Sigmund
  1408 | D:2      | Killed Sigmund
  1409 | D:2      | Reached XP level 5. HP: 38/48 MP: 5/5
  1670 | D:2      | Reached XP level 6. HP: 26/54 MP: 6/6
  1874 | D:3      | Noticed Natasha
  1883 | D:3      | Killed Natasha
  1890 | D:3      | Found a broken altar of Ashenzari.
  1901 | D:3      | Reached skill level 5 in Armour
  1917 | D:3      | Noticed Ijyb
  1950 | D:3      | Killed Ijyb
  2046 | D:3      | Noticed Natasha
  2058 | D:3      | Killed Natasha
  2075 | D:3      | Noticed Natasha
  2093 | D:3      | Killed Natasha
  2238 | D:3      | Found Sousizuuz's Distillery.
  2296 | D:3      | Noticed Robin
  2301 | D:3      | Killed Robin
  2777 | D:4      | Noticed Grinder
  2783 | D:4      | Paralysed by Grinder for 2 turns
  2790 | D:4      | Paralysed by Grinder for 5 turns
  2805 | D:3      | Reached XP level 7. HP: 21/63 MP: 7/7
  2908 | D:4      | Paralysed by Grinder for 5 turns
  2916 | D:4      | Paralysed by Grinder for 5 turns
  2926 | D:4      | Killed Grinder
  2927 | D:4      | Reached skill level 5 in Maces & Flails
  2927 | D:4      | Reached skill level 5 in Shields
  3041 | D:4      | Noticed Eustachio
  3057 | D:4      | Killed Eustachio
  3331 | D:4      | Found Qujen's Weapon Boutique.
  3345 | D:4      | Reached XP level 8. HP: 69/71 MP: 8/8
  3573 | D:4      | Found a snail-covered altar of Cheibriados.
  3584 | D:4      | Became a worshipper of Cheibriados the Contemplative
  3650 | D:5      | Entered Level 5 of the Dungeon
  3951 | D:5      | Reached skill level 1 in Invocations
  4050 | D:5      | Reached skill level 1 in Dodging
  4091 | D:5      | Reached * piety under Cheibriados
  4092 | D:5      | Reached skill level 5 in Fighting
  4134 | D:5      | Noticed Edmund
  4142 | D:5      | Killed Edmund
  4658 | D:6      | Noticed Pikel
  4668 | D:6      | Slain by a lemure

Illustrated notes

Levels and vault maps discovered:
D:1:      minmay_arrival_semitransparent, layout_basic, serial_shops, shop
D:2:      layout_basic, amcnicky_mini_corridor_feature, uniq_sigmund
D:3:      layout_rooms, evilmike_ruin_ashenzari, serial_shops,
          nicolae_shop_competitors_out_of_business,
          nicolae_concentric_dashed_squares_wild, minmay_door_square, uniq_ijyb,
          uniq_natasha, uniq_robin
D:4:      layout_basic, chei_slow_surprise, serial_shops, nicolae_shop_crystal,
          uniq_grinder, uniq_eustachio
D:5:      layout_layer_cave, uniq_edmund
D:6:      layout_gridville, kennysheep_little_box, hex_tiny, uniq_pikel

Skill      XL: |  1  2  3  4  5  6  7  8 |
---------------+-------------------------+-----
Maces & Flails | 2 3 4 5 6 |  6.6
Armour         | 4 5 6 |  6.1
Fighting       | 3 4 5 |  5.2
Shields        | 4 5 6 |  6.3
Invocations    | 2 |  2.3
Dodging        | 1 |  1.7

Action                     |  1- 3 |  4- 6 |  7- 9 || total
---------------------------+-------+-------+-------++-------
  Melee: Flail             |   116 |   232 |   177 ||   525
         Tailslap          |    14 |    31 |    28 ||    73
         Unarmed           |       |    14 |       ||    14
    Use: Scroll            |       |    10 |     4 ||    14
         Potion            |       |     2 |     5 ||     7
 Armour: Scale mail        |    63 |   211 |   110 ||   384
         Plate armour      |       |       |    27 ||    27
  Dodge: Dodged            |    40 |   153 |    85 ||   278
  Block: Buckler           |    26 |    87 |    59 ||   172
